 Dungeon Crawl Stone Soup version bcrawl-1.27.6 (webtiles) character file.

Game seed: 16656918086100954013

178335 Freyura the Stinger (level 6, 0/45 HPs)
             Began as an Oni Wizard on Oct 1, 2020.
             Slain by an orc
             ... wielding a +0 mace
              (2 damage)
             ... on level 3 of the Dungeon on Oct 5, 2020.
             The game lasted 00:12:06 (2540 turns).

Freyura the Stinger (Oni Wizard)                    Turns: 2540, Time: 00:12:07

Health: 0/45       AC:  2    Str: 10    XL:     6   Next: 11%
Magic:  1/15       EV: 12    Int: 22    God:
Gold:   354        SH:  0    Dex:  9    Spells: 6/14 levels left

rFire    . . .     SeeInvis .   a - +1 dagger
rCold    . . .     Gourm    .   (no shield)
rNeg     . . .     Faith    .   j - +0 robe
rPois    .         Spirit   .   c - +0 hat
rElec    .         Reflect  .   (no cloak)
rCorr    .         Harm     .   (no gloves)
MR       .....                  (no boots)
Stlth    ++........             (no amulet)
HPRegen  0.15/turn              (no ring)
MPRegen  0.14/turn              (no ring)

@: no status effects
A: oni magic, claws 1, fangs 1, horns 1
a: no special abilities


You were on level 3 of the Dungeon.
You were hungry.

You visited 1 branch of the dungeon, and saw 3 of its levels.

You collected 354 gold pieces.

Inventory:

Hand Weapons
 a - a +1 dagger (weapon)
Armour
 c - a +0 hat (worn)
 j - a +0 robe (worn)
Scrolls
 b - 2 scrolls of enchant armour {unknown}
 h - 5 scrolls of remove curse
 i - a scroll of identify
 n - a scroll of fear {unknown}
Potions
 d - 2 potions of curing
 f - 2 potions of brilliance
 g - 2 potions of degeneration
 k - a potion of haste {unknown}
 l - 2 potions of might {unknown}
 m - a potion of heal wounds {unknown}
Comestibles
 e - 5 rations {!d}
 o - a chunk of flesh


   Skills:
 - Level 1.7 Dodging
 - Level 1.7 Stealth
 * Level 4.6 Spellcasting
   Level 4.6 Conjurations
   Level 4.6 Hexes
   Level 4.6 Charms
   Level 4.6 Summonings
   Level 4.6 Necromancy
   Level 4.6 Translocations
   Level 4.6 Transmutations
   Level 4.6 Fire Magic
   Level 4.6 Ice Magic
   Level 4.6 Air Magic
   Level 4.6 Earth Magic
   Level 4.6 Poison Magic


You had 6 spell levels left.
You knew the following spells:

 Your Spells              Type           Power        Failure   Level  Hunger
a - Magic Dart            Conj           ####         1%          1    None
b - Passwall              Tmut/Erth      ####....     2%          2    None
c - Blink                 Tloc           N/A          1%          2    None
d - Mephitic Cloud        Conj/Pois/Air  ###.....     4%          3    ###....

Your spell library contained the following spells:

 Spells                   Type           Power        Failure   Level  Hunger
 Infusion                 Chrm           ####....     1%          1    None
 Call Imp                 Summ           ####..       1%          2    None
 Conjure Flame            Conj/Fire      ####....     4%          3    ###....
 False Image              Hex/Summ       ####....     4%          3    ###....
 Spider Form              Tmut/Pois      ###          4%          3    ###....


Dungeon Overview and Level Annotations

Branches:
Dungeon (3/12)

Altars:
Uskayaw


Innate Abilities, Weirdness & Mutations

You learn spells by gaining experience, not through books or religion.
You only train spellcasting to practice magic.
You have sharp fingernails.
You have very sharp teeth.
You have a pair of small horns on your head.


Message History

Press: ? - help, Shift-Dir - straight line, f/p - orc
Aim: an orc, wielding a +0 whip (almost dead)
The magic dart hits the orc.
You kill the orc!
You closely miss the orc. You headbutt the orc.
The orc is lightly wounded.
The orc barely misses you.
You are feeling hungry.
You barely miss the orc.
The orc is lightly wounded.
The orc closely misses you.
You hit the orc but do no damage.
The orc is lightly wounded.
You hit the orc but do no damage.
The orc is lightly wounded.
The orc hits you but does no damage.
You barely miss the orc.
The orc is lightly wounded.
The orc hits you with a +0 mace.
You die...

######## #......#
###.####.########
#..........@o)).#
#.#......######.#
#.#.)....#
#.)....#
#.#......#
###.##.#
#.##.....# .#
#.#......# .
#...[...## >.
###.####.... ##
#)# ....


You could see an orc.

Vanquished Creatures
  3 orc wizards
  4 adders (D:3)
  2 oozes
  4 worms
  A dart slug (D:1)
  5 leopard geckos
  19 orcs
  A ball python (D:2)
  4 giant cockroaches
  7 hobgoblins
  7 jackals (D:1)
  10 kobolds
  2 quokkas
  3 frilled lizards
  7 goblins
  5 rats
84 creatures vanquished.

Notes
Turn   | Place    | Note
-------+----------+-------------------------------------------
     0 | D:1      | Freyura the Oni Wizard began the quest for the Orb.
     0 | D:1      | Reached XP level 1. HP: 14/14 MP: 5/5
   261 | D:1      | Reached XP level 2. HP: 20/20 MP: 3/7
   620 | D:1      | Reached XP level 3. HP: 26/26 MP: 5/9
   673 | D:1      | Reached skill level 3 in Spellcasting
  1122 | D:2      | Reached XP level 4. HP: 23/33 MP: 4/11
  1129 | D:2      | Learned a level 2 spell: Passwall
  1132 | D:2      | Learned a level 2 spell: Blink
  1644 | D:3      | Found a hide-covered altar of Uskayaw.
  1782 | D:3      | Reached XP level 5. HP: 23/38 MP: 4/12
  1957 | D:3      | Learned a level 3 spell: Mephitic Cloud
  1979 | D:3      | Reached skill level 4 in Spellcasting
  2530 | D:3      | HP: 1/38 [orc wizard/puff of flame (8)]
  2531 | D:3      | Reached XP level 6. HP: 1/45 MP: 1/15
  2540 | D:3      | Slain by an orc

Skill      XL: |  1  2  3  4  5 |
---------------+----------------+-----
Spellcasting   | 3 4 |  4.6
Dodging        | |  1.7
Stealth        | |  1.7
Conjurations   | |  4.6
Hexes          | |  4.6
Charms         | |  4.6
Summonings     | |  4.6
Necromancy     | |  4.6
Translocations | |  4.6
Transmutations | |  4.6
Fire Magic     | |  4.6
Ice Magic      | |  4.6
Air Magic      | |  4.6
Earth Magic    | |  4.6
Poison Magic   | |  4.6

Action                   |  1- 3 |  4- 6 || total
-------------------------+-------+-------++-------
Melee: Staff             |    28 |       ||    28
       Bite              |     5 |     2 ||     7
       Headbutt          |     3 |     2 ||     5
       Unarmed           |       |    11 ||    11
       Dagger            |       |    13 ||    13
 Cast: Magic Dart        |    82 |   128 ||   210
       Mephitic Cloud    |       |     1 ||     1
  Use: Scroll            |     2 |     2 ||     4
  Eat: Chunk             |     2 |     7 ||     9
Armor: Animal skin       |     8 |       ||     8
       Robe              |       |     7 ||     7
Dodge: Dodged            |    23 |    39 ||    62
